 Dungeon Crawl Stone Soup version 0.29-a0-271-gd4eb659eea (webtiles) character file.

Game seed: 14740774230230025901

16917 frimble the Slicer (level 12, -2/86 HPs)
             Began as a Djinni Cinder Acolyte on Mar 9, 2022.
             Was a Believer of Cheibriados.
             Killed by an exploding water moccasin (26 damage)
             ... ignited by their inner flame
             ... on level 1 of the Lair of Beasts.
             The game lasted 00:24:30 (13186 turns).

frimble the Slicer (Djinni Cinder Acolyte)         Turns: 13186, Time: 00:24:31

Health: -2/86      AC: 15    Str: 13    XL:     12   Next: 76%
Gold:   415        EV: 13    Int: 24    God:    Cheibriados [**....] SH:  6 Dex: 16

rFire   . . .      SeeInvis +   c - +9 dagger "Killer Klown's Bane" {venom, Fly}
rCold   + . .      Faith    .   m - +0 buckler
rNeg    . . .      Spirit   .   L - +1 troll leather armour
rPois   ∞          Reflect  .   j - +2 helmet
rElec   .          Harm     .   r - +2 cloak
rCorr   .          Rampage  .   (no gloves)
Will    +++..                   (boots unavailable)
Stlth   +++.......              s - amulet of regeneration
HPRegen 1.84/turn               e - ring of protection from cold
MPRegen 0.00/turn               u - ring "Imugaist" {rPois rC+ Will++ AC+4 Str-5}

@: flying, studying Throwing, fire susceptible, very slow
A: sickness immunity, fire resistance 2, cold vulnerability 1, float, innate
caster, HP casting, extra vitality 1, see invisible, subdued magic 1
a: Renounce Religion, Bend Time


You were on level 1 of the Lair of Beasts.
You worshipped Cheibriados.
Cheibriados was pleased with you.
You visited 3 branches of the dungeon, and saw 17 of its levels.
You also visited: Gauntlet.

You collected 571 gold pieces.
You spent 156 gold pieces at shops.

Inventory:

Hand Weapons
 a - a -1 short sword of flaming
 c - the +9 dagger "Killer Klown's Bane" (weapon) {venom, Fly}
   (You found it on level 2 of the Dungeon)

   It poisons the flesh of those it strikes.
   Fly:       It grants you flight.
 h - a +3 dagger of electrocution
 k - a +2 short sword of protection
 C - a +2 dagger of holy wrath
Missiles
 d - 16 javelins
 q - 3 throwing nets
Armour
 j - a +2 helmet (worn)
 m - a +0 buckler (worn)
 r - a +2 cloak (worn)
 E - the +1 robe of the Several Scars {Contam Regen+ rCorr Dex+3}
   (You found it on level 7 of the Dungeon)

   Dex:       It affects your dexterity (+3).
   Contam:    It causes magical contamination when unequipped.
   Regen:     It increases your rate of health regeneration.
   rCorr:     It protects you from acid and corrosion.
 L - a +1 troll leather armour (worn)
Jewellery
 e - a ring of protection from cold (left hand)
 n - the ring "Yseomesto" {rPois Dex+4}
   (You found it in a Gauntlet)

   [ring of poison resistance]

   Dex:       It affects your dexterity (+4).
   rPois:     It protects you from poison.
 s - an amulet of regeneration (around neck)
 t - a +6 ring of strength
 u - the ring "Imugaist" (right hand) {rPois rC+ Will++ AC+4 Str-5}
   (You found it in a Gauntlet)

   [ring of protection]

   AC:        It affects your AC (+4).
   Str:       It affects your strength (-5).
   rC:        It protects you from cold.
   rPois:     It protects you from poison.
   Will:      It greatly increases your willpower.
 J - a ring of fire
Wands
 f - a wand of acid (8)
 z - a wand of flame (56)
 A - a wand of polymorph (24)
 D - a wand of paralysis (9)
 P - a wand of iceblast (7)
 R - a wand of charming (4)
Scrolls
 b - a scroll of summoning
 o - a scroll of fog
 x - 2 scrolls of enchant weapon
 y - 4 scrolls of identify
 B - a scroll of immolation
 F - a scroll of teleportation
 G - a scroll of torment
 N - a scroll of brand weapon
 O - a scroll of silence
Potions
 g - a potion of curing
 i - 3 potions of brilliance
 l - a potion of berserk rage
 p - 2 potions of might
 v - a potion of ambrosia
 w - a potion of magic
 H - a potion of resistance {unknown}
 I - 2 potions of attraction {unknown}
 M - a potion of lignification {unknown}
Miscellaneous
 K - a phantom mirror (inert)
 Q - a tin of tremorstones (1/2)


   Skills:
 - Level 8.0 Fighting
 + Level 9.3 Short Blades
 + Level 8.6 Throwing
 - Level 5.4 Dodging
 - Level 5.0 Stealth
 - Level 5.5 Shields
 - Level 7.2 Spellcasting
 + Level 3.3 Invocations
 - Level 5.0 Evocations


You had 8 spell levels left.
You knew the following spells:

 Your Spells              Type           Power      Damage    Failure   Level
a - Scorch                Fire           66%        2d8       1%          2
b - Freeze                Ice            100%       1d11      1%          1
c - Corpse Rot            Necr/Air       66%        N/A       1%          2
d - Mephitic Cloud        Conj/Pois/Air  33%        N/A       1%          3
e - Airstrike             Air            16%        N/A       4%          4
f - Agony                 Necr           33%        N/A       13%         5
Your spell library was empty.

Dungeon Overview and Level Annotations

Branches:
Dungeon (12/15)            Temple (1/1) D:6            Lair (4/6) D:10
 Spider (0/4) Lair:4      Gauntlet (visited)
  Swamp: Lair:2-4    Shoals: Lair:2-4       Orc: D:9-12

Altars:
Ashenzari
Cheibriados
Dithmenos
Elyvilon
Fedhas
Gozag
Hepliaklqana
Kikubaaqudgha
Makhleb
Nemelex Xobeh
Okawaru
Qazlal
Ru
Sif Muna
Trog
Uskayaw
Vehumet
Wu Jian
Xom
Yredelemnul
The Shining One

Shops:
D:6 (?=   D:7 *   D:11 (

Annotations:
D:8 3 runed translucent doors, dolemite99's ghost, novice GrFi
D:10 2 runed translucent doors, exclusion: orange crystal statue


Innate Abilities, Weirdness & Mutations

You are immune to sickness and miasma.
You are immune to poison.
Your flesh is very heat resistant. (rF++)
You are vulnerable to cold. (rC-)
You float through the air rather than walking.
You learn spells naturally, not from books.
Your magical power is your life essence.
You have superior vitality. (+4 MHP)
You have supernaturally acute eyesight. (SInv)
Your spells are a little easier to cast, but a little less powerful.


Message History

The cane toad is severely wounded.
The stinking cloud engulfs the yak but does no damage.
The yak is heavily wounded.
The stinking cloud engulfs the water moccasin but does no damage.
The water moccasin is moderately wounded.
The stinking cloud engulfs the yak but does no damage.
The stinking cloud engulfs the black mamba but does no damage.
You hear an angry hiss.
The black mamba bites you but does no damage.
The cane toad is engulfed in blazing flames.
Flame seeps out of the cane toad.
The cane toad stings you!
The yak is engulfed in noxious fumes.
The yak appears confused.
The water moccasin bites you but does no damage.
The yak gores the cane toad!!
Cheibriados thoroughly appreciates the change of pace.
The cane toad explodes!
The fiery explosion engulfs the yak!!
Cheibriados thoroughly appreciates the change of pace.
The fiery explosion engulfs the yak!!
Cheibriados thoroughly appreciates the change of pace.
The fiery explosion engulfs the water moccasin!!!
Cheibriados thoroughly appreciates the change of pace.
The fiery explosion engulfs the yak!!!
Cheibriados appreciates the change of pace.
The fiery explosion engulfs the yak!!
Flame seeps out of the yak.
The yak is heavily wounded.
The fiery explosion engulfs you!!
* * * LOW HITPOINT WARNING * * *
The yak explodes!
The fiery explosion engulfs the yak!!!
Cheibriados appreciates the change of pace.
The yak explodes!
The fiery explosion engulfs the black mamba!!
Flame seeps out of the black mamba.
The black mamba is severely wounded.
The water moccasin explodes!
The fiery explosion engulfs the black mamba!!
Cheibriados thoroughly appreciates the change of pace.
The fiery explosion engulfs you!!
You die...

#....P.###..^#.
#....P........$
#............# .
#....#.......#..
. .............
#.. ..§§§....#
#....#§°§§...+
......§○§○...#
#$...##+@#.###
#...(..Y☼☼.S....
.....[..Y.......
...............
...............
...............
...P.+##..#....
...#. ...#...


You could see 2 yaks and a water moccasin (inner flame).

Vanquished Creatures
  A minotaur (Gauntlet)
  A two-headed ogre (D:11)
  A deep elf pyromancer (D:10)
  An obsidian statue (Gauntlet)
  A wolf spider (Lair:3)
  A cyclops (D:11)
  A black mamba (Lair:1)
  5 cane toads
  A gargoyle (D:11)
  2 komodo dragons
  4 trolls
  A polar bear (Lair:2)
  3 blink frogs (Lair:4)
  2 slime creatures (D:11)
  A shadow (D:11)
  A vampire (D:10)
  2 wraiths
  A wyvern (D:11)
  13 yaks
  2 steam dragons
  2 acid dragons
  3 water moccasins
  3 sky beasts
  2 orc warriors (D:6)
  4 black bears
  2 ogres
  22 wolves
  9 centaurs
  A kobold brigand (D:9)
  2 necrophages
  6 bullfrogs
  9 scorpions
  20 killer bees
  15 wights
  A howler monkey (D:6)
  2 electric eels
  5 hounds
  An orc priest (D:9)
  2 jellies
  A gnoll shaman (D:9)
  Crazy Yiuf (D:4)
  5 iguanas
  Terence (D:2)
  Natasha (thrice) (D:2)
  7 orc wizards
  Robin (D:1)
  6 adders
  10 gnolls
  4 white imps
  3 ufetubi
  3 worms (Lair:4)
  20 orcs
  6 ball pythons
  3 endoplasms
  2 giant cockroaches
  11 goblins
  10 hobgoblins
  8 kobolds
  3 bats
  3 frilled lizards
  4 rats
271 creatures vanquished.

Vanquished Creatures (collateral kills)
  A gnoll (D:9)
1 creature vanquished.

Vanquished Creatures (others)
  14 demonic plants (Gauntlet)
  A fire vortex (Lair:3)
  6 foxfires (Gauntlet)
  6 fungi
  30 plants
57 creatures vanquished.

Grand Total: 329 creatures vanquished

Notes
Turn   | Place    | Note
-------+----------+-------------------------------------------
     0 | D:1      | frimble the Djinni Cinder Acolyte began the quest for the
                  | Orb.
     0 | D:1      | Reached XP level 1. HP: 20/20 MP: 0/0
   445 | D:1      | Reached XP level 2. HP: 24/25 MP: 0/0
  1091 | D:2      | Noticed Robin
  1244 | D:2      | Reached skill level 3 in Short Blades
  1361 | D:1      | Killed Robin
  1362 | D:1      | Reached XP level 3. HP: 20/30 MP: 0/0
  1362 | D:1      | Learned a level 1 spell: Freeze
  1941 | D:2      | Noticed Terence
  1957 | D:2      | Killed Terence
  1958 | D:2      | Reached XP level 4. HP: 20/35 MP: 0/0
  1967 | D:2      | Reached skill level 1 in Shields
  2163 | D:2      | Found a faded altar of an unknown god.
  2319 | D:2      | Noticed Natasha
  2339 | D:2      | Killed Natasha
  2340 | D:2      | Reached XP level 5. HP: 27/40 MP: 0/0
  2340 | D:2      | Learned a level 2 spell: Corpse Rot
  2560 | D:2      | Noticed Natasha
  2564 | D:2      | Killed Natasha
  3517 | D:4      | Noticed a centaur
  3734 | D:5      | Entered Level 5 of the Dungeon
  3871 | D:5      | Reached skill level 4 in Short Blades
  3871 | D:5      | Reached XP level 6. HP: 38/46 MP: 0/0
  4554 | D:4      | Reached XP level 7. HP: 7/50 MP: 0/0
  4554 | D:4      | Learned a level 3 spell: Mephitic Cloud
  5162 | D:4      | Reached skill level 5 in Short Blades
  5474 | D:4      | Found a runed translucent door.
  5475 | D:4      | Noticed Crazy Yiuf
  5485 | D:4      | Killed Crazy Yiuf
  5632 | D:5      | Reached XP level 8. HP: 50/56 MP: 0/0
  6069 | D:5      | Reached skill level 1 in Evocations
  6479 | D:5      | Reached skill level 1 in Stealth
  6759 | D:6      | Found Voteak's Weapon Shoppe.
  6779 | D:6      | Reached skill level 5 in Spellcasting
  6799 | D:6      | Reached XP level 9. HP: 61/63 MP: 0/0
  6799 | D:6      | Learned a level 4 spell: Airstrike
  6824 | D:6      | Reached skill level 6 in Short Blades
  6999 | D:6      | Found a staircase to the Ecumenical Temple.
  7083 | D:6      | Noticed a troll
  7093 | D:6      | Killed a troll
  7094 | D:6      | Reached skill level 1 in Throwing
  7307 | D:6      | Found Izai's Magic Scroll Shoppe.
  7310 | D:6      | Bought a scroll of identify for 26 gold pieces
  7310 | D:6      | Bought a scroll of identify for 26 gold pieces
  7310 | D:6      | Bought a scroll of identify for 26 gold pieces
  7310 | D:6      | Bought a scroll of identify for 26 gold pieces
  7310 | D:6      | Bought a scroll of identify for 26 gold pieces
  7310 | D:6      | Bought a scroll of identify for 26 gold pieces
  7356 | D:6      | Found Qufut's Jewellery Boutique.
  7544 | D:6      | Found an opulent altar of Gozag.
  7550 | D:6      | Found an ornate altar of the Wu Jian Council.
  7553 | D:6      | Found a shimmering altar of Xom.
  7553 | D:6      | Found a bloodstained altar of Trog.
  7556 | D:6      | Found a hide-covered altar of Uskayaw.
  7651 | D:7      | Reached skill level 5 in Fighting
  7962 | D:7      | Identified the +1 robe of the Several Scars {Contam Regen+
                  | rCorr Dex+3}
  8006 | D:7      | Found Xeevebb's Overcharged Wands.
  8038 | D:7      | Reached XP level 10. HP: 65/70 MP: 0/0
  8288 | D:8      | Found a runed translucent gate.
  8288 | D:8      | Found a runed translucent gate.
  8289 | D:8      | Found a runed translucent gate.
  8293 | D:8      | Noticed dolemite99's ghost (novice GrFi)
  8364 | D:8      | Reached skill level 5 in Shields
  8984 | D:9      | Reached skill level 7 in Short Blades
  9750 | D:10     | Entered Level 10 of the Dungeon
  9794 | D:10     | Reached skill level 5 in Evocations
  9811 | D:10     | Reached skill level 1 in Dodging
  9826 | D:10     | Found a staircase to the Lair.
  9830 | D:10     | Reached XP level 11. HP: 77/77 MP: 0/0
  9830 | D:10     | Learned a level 5 spell: Agony
  9922 | D:10     | Found a runed translucent door.
  9922 | D:10     | Noticed an orange crystal statue
  9926 | D:10     | Found the +10 tower shield of Ignorance {rN+ Int-4}
 10088 | D:10     | Reached skill level 5 in Throwing
 10127 | D:10     | Noticed a deep elf pyromancer
 10146 | D:10     | Killed a deep elf pyromancer
 10401 | D:10     | Found a runed translucent door.
 10725 | D:11     | Found Som Itui's Weapon Shop.
 10730 | D:11     | Noticed a two-headed ogre
 10755 | D:11     | Found a gate leading to a gauntlet.
 10765 | Gauntlet | Entered a Gauntlet
 10765 | Gauntlet | Found a transporter.
 10774 | Gauntlet | Found a transporter.
 10794 | Gauntlet | Found a transporter.
 10795 | Gauntlet | Found a transporter.
 10797 | Gauntlet | Noticed a ghost crab
 10816 | Gauntlet | Found a transporter.
 10829 | Gauntlet | Found a transporter.
 10830 | Gauntlet | Noticed a wretched star
 10832 | Gauntlet | Noticed a minotaur
 10842 | Gauntlet | Found a transporter.
 10845 | Gauntlet | Noticed a thrashing horror
 10849 | Gauntlet | Noticed a thrashing horror
 10867 | Gauntlet | Noticed an obsidian statue
 10871 | Gauntlet | Found a transporter.
 10871 | Gauntlet | Found a transporter.
 10876 | Gauntlet | Found a transporter.
 10909 | Gauntlet | Found a transporter.
 10909 | Gauntlet | Found a transporter.
 11032 | Gauntlet | Killed an obsidian statue
 11033 | Gauntlet | Reached skill level 5 in Stealth
 11035 | Gauntlet | Identified the ring "Yseomesto" {rPois Dex+4}
 11062 | Gauntlet | Killed a minotaur
 11081 | Gauntlet | Identified the ring "Imugaist" {rPois rC+ Will++ AC+4
                  | Str-5}
 11104 | D:11     | Reached skill level 8 in Short Blades
 11117 | D:11     | Killed a two-headed ogre
 11161 | D:11     | Noticed a cyclops
 11429 | D:11     | Killed a cyclops
 11430 | D:11     | Reached XP level 12. HP: 81/85 MP: 0/0
 11869 | Temple   | Entered the Ecumenical Temple
 11988 | Temple   | Fell from the grace of Ignis
 11988 | Temple   | Became a worshipper of Cheibriados the Contemplative
 12104 | D:2      | Noticed Natasha
 12114 | D:2      | Killed Natasha
 12140 | D:2      | Identified the +9 dagger "Killer Klown's Bane" {venom, Fly}
 12366 | Lair:1   | Entered Level 1 of the Lair of Beasts
 12489 | Lair:1   | You are sucked into a shaft and drop 1 floor!
 12495 | Lair:2   | Gained mutation: You are frail. (-10% HP) [mutagenic glow]
 12503 | Lair:2   | Lost mutation: You are frail. (-10% HP) [potion of
                  | mutation]
 12503 | Lair:2   | Gained mutation: Your spells are a little easier to cast,
                  | but a little less powerful. [potion of mutation]
 12503 | Lair:2   | Gained mutation: You have supernaturally acute eyesight.
                  | (SInv) [potion of mutation]
 12506 | Lair:2   | You are sucked into a shaft and drop 2 floors!
 12535 | Lair:4   | Found a hole to the Spider Nest.
 12541 | Lair:4   | Reached skill level 5 in Dodging
 12708 | Lair:3   | Reached * piety under Cheibriados
 12710 | Lair:3   | Reached skill level 1 in Invocations
 12772 | Lair:3   | Reached skill level 9 in Short Blades
 12956 | Lair:2   | You are sucked into a shaft and drop 2 floors!
 13015 | Lair:3   | Reached ** piety under Cheibriados
 13186 | Lair:1   | Killed by an exploding water moccasin... ignited by their
                  | inner flame

Illustrated notes

Levels and vault maps discovered:
D:1:      eino_arrival_cavern_a, layout_basic, minmay_misc_feat_nine_boxes,
          minmay_tetromino_o2
D:2:      layout_basic, hellmonk_ecumenical_altar_pennies_from_heaven,
          uniq_natasha, uniq_robin, uniq_terence
D:3:      layout_basic
D:4:      layout_rooms, serial_bayou_lake_a, uniq_crazy_yiuf_cottage
D:5:      layout_loops_corners, minmay_manual_mares
D:6:      layout_basic, minitemple, temple_green, serial_shops,
          nicolae_shop_competitors_out_of_business,
          nicolae_shop_bloodbath_and_beyond, nicolae_shop_behind_doors
D:7:      layout_basic, nicolae_shop_overcharged_wands
D:8:      layout_rooms, gammafunk_ghost_necromancy, dreamdust_wishing_well,
          minmay_misc_feat_iff
D:9:      layout_loops_corners, chequers_decorated_corner
D:10:     layout_stronghold, erik_lair_island, chequers_guarded_unrand_ignorance
D:11:     layout_layer_cave, gauntlet_entry_generic, serial_shops, shop
D:12:     layout_roguey, david_orc_1_choice
Temple:   eino_temple_rhombus
Lair:1:   layout_regular_city, uniq_sonja
Lair:2:   layout_hall_layers
Lair:3:   layout_gridlike, minmay_shoals_entry_centaurs,
          nicolae_lair_run_with_the_wolves, serial_bayou_shore_a
Lair:4:   gammafunk_cloud_chamber, layout_regular_city,
          nicolae_spider_entry_non_spiders, lemuel_fruit_fields,
          infiniplex_staircase_pool_2, serial_bayou_shore_b

Skill      XL: |  1  2  3  4  5  6  7  8  9 10 11 12 |
---------------+-------------------------------------+-----
Short Blades   | 3 4 5 6 7 8 9 |  9.3
Spellcasting   | 3 4 5 6 7 |  7.2
Shields        | 1 2 3 4 5 |  5.5
Evocations     | 2 3 5 |  5.0
Fighting       | 4 5 6 7 8 |  8.0
Stealth        | 1 3 4 5 |  5.0
Throwing       | 2 4 6 8 |  8.6
Dodging        | 1 4 5 |  5.4
Invocations    | 3 |  3.3

Action                   |  1- 3 |  4- 6 |  7- 9 | 10-12 || total
-------------------------+-------+-------+-------+-------++-------
Melee: Short sword       |    34 |       |    19 |       ||    53
       Dagger            |    76 |   116 |   225 |   639 ||  1056
       Punch             |     1 |       |       |       ||     1
 Cast: Scorch            |     6 |    16 |    31 |    25 ||    78
       Corpse Rot        |       |     1 |       |     3 ||     4
       Mephitic Cloud    |       |       |     5 |    23 ||    28
       Freeze            |       |       |     3 |       ||     3
       Airstrike         |       |       |     1 |     1 ||     2
Invok: Fiery Armour      |       |       |       |     2 ||     2
       Foxfire Swarm     |       |       |       |     1 ||     1
       Rising Flame      |       |       |       |     1 ||     1
Evoke: Wand              |       |       |     1 |    15 ||    16
       Phantom mirror    |       |       |       |     1 ||     1
       Tin of tremorston |       |       |       |     1 ||     1
  Use: Potion            |     1 |     1 |     1 |     5 ||     8
       Scroll            |       |     8 |    13 |     8 ||    29
 Stab: Confused          |       |       |     2 |    16 ||    18
       Sleeping          |       |       |       |     5 ||     5
Armor: Robe              |    19 |    25 |    81 |   140 ||   265
       Troll leather arm |       |       |       |    67 ||    67
Dodge: Dodged            |    67 |    69 |   113 |   334 ||   583
Block: Buckler           |       |     4 |    44 |   169 ||   217

Table legend: (Time is in decaauts)
 A = Elapsed time spent in this place.
 B = Non-inter-level travel time spent in this place.
 C = Inter-level travel time spent in this place.
 D = Time resting spent in this place.
 E = Time spent auto-exploring this place.
 F = Levels seen in this place.
 G = Mean time per level.
                   A        B        C        D        E       F      G
               +--------+--------+--------+--------+--------+-----+--------+
         Total |  13129 |  12116 |   1013 |    808 |   8956 |  18 |  729.4 |
       Dungeon |  11795 |  10872 |    923 |    779 |   8233 |  12 |  982.9 |
        Temple |    132 |    100 |     32 |      0 |     89 |   1 |  132.0 |
          Lair |    908 |    850 |     58 |     15 |    478 |   4 |  227.0 |
      Gauntlet |    293 |    293 |      0 |     14 |    155 |   1 |  293.0 |
               +--------+--------+--------+--------+--------+-----+--------+

Top non-repeatable levels by time:
     D:4: 1874 daAuts
     D:2: 1571 daAuts
     D:5: 1471 daAuts
     D:1: 1416 daAuts
    D:10: 987 daAuts
     D:6: 970 daAuts
     D:9: 969 daAuts
    D:11: 725 daAuts
     D:7: 644 daAuts
     D:3: 591 daAuts
     D:8: 561 daAuts
  Lair:2: 345 daAuts
Gauntlet: 293 daAuts
  Lair:3: 255 daAuts
  Lair:4: 157 daAuts
